 Dungeon Crawl Stone Soup version 0.25-a0-975-gcae8493d64 (webtiles) character file.

Game seed: 3505206641349202739, levelgen mode: deterministic

345 Flugslaktarn the Chopper (level 6, -1/55 HPs)
             Began as a Minotaur Fighter on May 9, 2020.
             Was an Initiate of Qazlal.
             Slain by Eustachio
             ... wielding a +0 rapier
              (4 damage)
             ... on level 4 of the Dungeon.
             The game lasted 00:01:20 (2080 turns).

Flugslaktarn the Chopper (Minotaur Fighter)         Turns: 2080, Time: 00:01:21

Health: -1/55      AC:  7    Str: 20      XL:     6   Next: 32%
Magic:  5/5        EV:  5    Int:  5      God:    Qazlal [......]
Gold:   74         SH: 15    Dex: 11 (12) Spells: 5/5 levels left

rFire    . . .     SeeInvis .   a - +0 war axe
rCold    . . .     Gourm    .   j - +1 tower shield
rNeg     . . .     Faith    .   b - +0 scale mail
rPois    .         Spirit   .   (helmet restricted)
rElec    .         Reflect  .   (no cloak)
rCorr    .         Harm     .   (no gloves)
MR       .....     Rnd*Tele +   (no boots)
Stlth    ..........             (no amulet)
HPRegen  0.18/turn              f - ring of teleportation (curse)
MPRegen  0.09/turn              g - ring of flight

@: mighty, very slow
A: retaliatory headbutt, horns 2
a: Renounce Religion, Evoke Flight


You were on level 4 of the Dungeon.
You worshipped Qazlal.
Qazlal was noncommittal.
You were very hungry.

You visited 1 branch of the dungeon, and saw 4 of its levels.
You also visited: Sewer.

You collected 74 gold pieces.

Inventory:

Hand Weapons
 a - a +0 war axe (weapon)
Armour
 b - a +0 scale mail (worn)
 j - a +1 tower shield (worn)
   (You found it on level 4 of the Dungeon)
Jewellery
 f - a cursed ring of teleportation (left hand)
   (You found it on level 2 of the Dungeon)
 g - a ring of flight (right hand)
   (You found it on level 2 of the Dungeon)
Scrolls
 c - a scroll of remove curse {unknown}
Potions
 h - 4 potions of flight {unknown}
 i - a potion of stabbing {unknown}
 k - 2 potions of heal wounds {unknown}
Comestibles
 e - 4 rations


   Skills:
 + Level 4.9 Fighting
 * Level 5.3 Axes
 + Level 4.9 Armour
 + Level 4.9 Shields
 + Level 1.2 Invocations


You had 5 spell levels left.
You didn't know any spells.
Your spell library was empty.

Dungeon Overview and Level Annotations

Branches:
Dungeon (4/15)              Sewer (visited)
 Temple: D:4-7

Altars:
Ashenzari
Qazlal

Annotations:
D:4 Eustachio


Innate Abilities, Weirdness & Mutations

You reflexively headbutt those who attack you in melee.
You have a pair of horns on your head.


Message History

You block Eustachio's attack. The iron imp hits you!
* * * LOW HITPOINT WARNING * * *
The quasit barely misses you.
The quasit splashes around in the water.
The quasit claws you but does no damage.
Your shield prevents you from hitting Eustachio.
Eustachio is severely wounded.
You slash the quasit!
You kill the quasit!
You slash the iron imp!
You kill the iron imp!
You hit the river rat. You block the river rat's attack.
You block Eustachio's attack.
The crimson imp hits you but does no damage.
The river rat bites you but does no damage.
You hit Eustachio.
Eustachio is severely wounded.
Your shield and scale mail prevent you from hitting the crimson imp.
You closely miss the river rat. Eustachio hits you with a +0 rapier.
You die...

.. # ## .# .#..
.###.###.##.#..
.............#
.....#####...##
.....#≈≈≈#....#
###+#+#..#≈≈≈#.#
#.#.#....#≈.≈#.#
.._..##.#≈@≈#.#
#.#....#r@5#.#
#####......##÷##.#
.............÷...#
##............?#
#.....§§§§....####.#.#
#...............≈....#
#######...........≈§.§....#
#(...#...#.§§§...≈≈≈§.....#


You could see Eustachio, a crimson imp and a river rat (summoned).

Vanquished Creatures
  A big kobold (Sewer)
  3 hounds
  An orc wizard (D:3)
  An orc priest (D:3)
  6 adders
  3 river rats (Sewer)
  2 worms (D:3)
  3 leopard geckos
  4 orcs (D:3)
  A ball python (D:1)
  3 bats
  A giant cockroach (D:4)
  3 goblins
  3 hobgoblins
  A jackal (Sewer)
  2 kobolds
  2 quokkas
  2 frilled lizards
  5 rats
47 creatures vanquished.

Notes
Turn   | Place    | Note
-------+----------+-------------------------------------------
     0 | D:1      | Flugslaktarn the Minotaur Fighter began the quest for the
                  | Orb.
     0 | D:1      | Reached XP level 1. HP: 19/19 MP: 0/0
   137 | D:2      | Reached XP level 2. HP: 26/27 MP: 1/1
   199 | D:2      | Reached skill level 3 in Axes
   199 | D:2      | Reached XP level 3. HP: 12/33 MP: 2/2
   466 | D:3      | Reached XP level 4. HP: 13/40 MP: 3/3
   477 | D:3      | Reached skill level 4 in Axes
  1097 | D:3      | Reached XP level 5. HP: 47/47 MP: 4/4
  1194 | D:3      | Found a stormy altar of Qazlal.
  1206 | D:3      | Became a worshipper of Qazlal Stormbringer
  1557 | D:4      | Found a stormy altar of Qazlal.
  1630 | D:4      | Found a shattered altar of Ashenzari.
  1631 | D:4      | Found a glowing drain.
  1651 | D:4      | Noticed Eustachio
  1664 | D:4      | Reached skill level 5 in Axes
  1674 | Sewer    | Entered a sewer
  1693 | Sewer    | Reached XP level 6. HP: 12/55 MP: 5/5
  1700 | Sewer    | Reached skill level 1 in Invocations
  2018 | Sewer    | Found a white marble altar of Elyvilon.
  2078 | D:4      | HP: 2/55 [iron imp[Eustachio] (7)]
  2080 | D:4      | Slain by Eustachio

Illustrated notes

Levels and vault maps discovered:
D:1:      dpeg_arrival_round_b, layout_loops_corners
D:2:      layout_basic, old_standard_altar, serial_glass, glass_columns_b,
          glass_columns_a, minmay_quadrilaterals, uniq_jessica
D:3:      layout_loops_ring, lemuel_coloured_pillars_altar, first_ration
D:4:      layout_basic, ashenzari_altar_1, gup_sewer_entry_glass,
          nicolae_qazlal_general_emergency, uniq_eustachio

Skill      XL: |  1  2  3  4  5  6 |
---------------+-------------------+-----
Fighting       | 4 |  4.9
Axes           | 3 4 5 |  5.3
Armour         | 4 |  4.9
Shields        | 4 |  4.9
Invocations    | 1 |  1.2

Action                   |  1- 3 |  4- 6 || total
-------------------------+-------+-------++-------
Melee: War axe           |    57 |   117 ||   174
       Headbutt          |     5 |    18 ||    23
  Use: Scroll            |       |     3 ||     3
       Potion            |       |     3 ||     3
  Eat: Chunk             |       |     3 ||     3
Armor: Scale mail        |    28 |    74 ||   102
Dodge: Dodged            |    21 |    32 ||    53
Block: Kite shield       |    31 |    23 ||    54
       Tower shield      |       |   100 ||   100

Table legend:
 A = Non-vault XP
 B = Vault XP
 C = Vault XP percentage of total XP
 D = Non-vault monster count
 E = Vault monster count
 F = Vault count percentage of total count
                 A         B        C        D         E       F
            +---------+---------+-------+---------+---------+-------
      Total |     311 |     183 |  37.0 |      35 |      12 |  25.5
            +---------+---------+-------+---------+---------+-------
        D:1 |       9 |       0 |   0.0 |       4 |       0 |   0.0
        D:2 |      65 |       0 |   0.0 |       7 |       0 |   0.0
        D:3 |     149 |       0 |   0.0 |      21 |       0 |   0.0
        D:4 |      88 |      42 |  32.3 |       3 |       4 |  57.1
      Sewer |       0 |     141 | 100.0 |       0 |       8 | 100.0
            +---------+---------+-------+---------+---------+-------
